Description

Very safe Double Gas Build Opener into Mech. Capable of a timing attack after three ravens are built. You'd move out with 3 Ravens, 3 Siege Tanks, and the rest of your army at 6:10 at the earliest. Otherwise, you'd hold out from pushing until you're maxed out.

VOD

https://youtu.be/IR3pSpARlL8

Build Order

Get SALT Encoding   

  14  0:14  Supply Depot  
  16  0:41  Barracks  
  16  0:44  Refinery  
  17  0:54  Refinery  
  19  1:28  Reaper  
  20  1:29  Orbital Command  
  20  1:30  Supply Depot  
  20  1:43  Factory  Pull two SCVs off gas.
  22  2:00  Reaper  
  23  2:19  Command Center  
  23  2:30  Hellion  
  28  2:40  Supply Depot  Put SCVs back on gas.
  27  2:33  Reaper  
  28  2:50  Starport  
  29  2:56  Hellion  
  32  3:07  Barracks Reactor  
  32  3:15  Refinery  
  33  3:20  Factory Tech Lab  
  33  3:28  Starport Tech Lab  
  34  3:32  Orbital Command  
  34  3:38  Cyclone  
  37  3:44  Marine x2  
  40  3:47  Raven  
  42  3:51  Supply Depot  
  48  4:16  Siege Tank  
  55  4:30  Raven  
  57  4:40  Command Center  
  61  4:41  Siege Tank  
  64  4:55  Refinery  
  64  5:00  Supply Depot x2  
  64  4:52  Marine x2  
  66  5:10  Marine x2  
  70  5:21  Siege Tank  
  73  5:23  Raven  
  75  5:32  Marine x2  
  78  5:40  Factory x2  
  80  5:46  Supply Depot  
  80  5:48  Engineering Bay  
  81  5:53  Orbital Command  
  81  5:56  Siege Tank  
  86  6:09  Supply Depot  Depots are constant from this point forward.
  86  6:11  Barracks Reactor, Action  Move Starport to Reactor Addon (From Barracks)
  86  6:36  Action  Move Completed Factories to Tech Lab and Reactor
  96  6:42  Siege Tank x2  
  90  6:40  Viking x2  
  100  6:50  Refinery x2  
  104  7:00  Armory x2  
Spawning Tool Build Advisor. Get it on Overwolf

Go to:

Details

  • Created by: HeroMystic
  • Published on: Jan 06, 2021
  • Modified on: Jan 06, 2021
  • Patch: 4.11.0
  • Difficulty: Medium
Show
View Real Time Build Order
Export as new Build Order

Comments (0)

There are no comments. Be the first!

Create an account to comment!